 Dungeon Crawl Stone Soup version 0.21.1-1-g345015fe64 (webtiles) character file.

196 ZeroTheHero the Sneak (level 5, -6/24 HPs)
             Began as a Spriggan Enchanter on Feb 25, 2018.
             Mangled by an orc
             ... wielding a +0 flail
              (8 damage)
             ... in the Ecumenical Temple.
             The game lasted 00:17:16 (3361 turns).

ZeroTheHero the Sneak (Spriggan Enchanter)          Turns: 3361, Time: 00:17:17

Health: -6/24      AC:  2    Str:  4    XL:     5   Next: 45%
Magic:  3/10       EV: 20    Int: 16    God:
Gold:   164        SH:  0    Dex: 18    Spells: 0/9 levels left

rFire    + . .     SeeInvis +   a - +1 dagger
rCold    x . .     Gourm    .   (shield restricted)
rNeg     . . .     Faith    .   b - +0 robe
rPois    .         Spirit   .   (helmet restricted)
rElec    .         Reflect  .   (no cloak)
rCorr    .         Harm     .   (gloves unavailable)
MR       .....                  (boots unavailable)
Stlth    ++........             (no amulet)
HPRegen  0.08/turn              s - ring of fire
MPRegen  0.12/turn              (no ring)

@: confused, very quick
A: very small, unfitting armour, see invisible, herbivore, speed 3, slow
metabolism 2
a: no special abilities


You were in the Ecumenical Temple.
You were not hungry.

You visited 2 branches of the dungeon, and saw 5 of its levels.

You collected 164 gold pieces.

Inventory:

Hand Weapons
 a - a +1 dagger (weapon)
Armour
 b - a +0 robe (worn)
Jewellery
 s - a ring of fire (left hand)
Wands
 q - a wand of enslavement (12)
Scrolls
 k - a scroll of identify
 l - a scroll of amnesia {unknown}
 m - a scroll of blinking {unknown}
 o - a scroll of fear {unknown}
 p - a scroll of remove curse {unknown}
 r - a scroll of teleportation {unknown}
Potions
 e - a potion of brilliance {unknown}
 f - 3 potions of agility {unknown}
 g - a potion of haste {unknown}
 h - 2 potions of curing
 i - a potion of mutation {unknown}
 j - a potion of flight {unknown}
 n - a potion of lignification {unknown}
Books
 c - a book of Maledictions

   Spells                             Type                      Level
   a - Corona                         Hexes                        1
   b - Ensorcelled Hibernation        Hexes/Ice                    2
   c - Confuse                        Hexes                        3
   d - Tukima's Dance                 Hexes                        3
   e - Dazzling Spray                 Conjuration/Hexes            3
Comestibles
 d - 4 rations


   Skills:
 - Level 1.1 Short Blades
 + Level 4.4 Dodging
 * Level 7.0 Stealth
 - Level 2.6 Spellcasting
 * Level 5.5 Hexes


You couldn't memorise any spells.
You knew the following spells:

 Your Spells              Type           Power        Failure   Level  Hunger
a - Corona                Hex            ###....      1%          1    #......
c - Dazzling Spray        Conj/Hex       ##....       19%         3    ###....
x - Confuse               Hex            ###.....     6%          3    ###....
z - Ensorcelled Hibernat  Hex/Ice        ##....       10%         2    ##.....


Dungeon Overview and Level Annotations

Branches:
Dungeon (4/15)             Temple (1/1) D:4

Altars:
Okawaru


Innate Abilities, Weirdness & Mutations

You are very small and have problems with some larger weapons.
You are too small for most types of armour.
You have supernaturally acute eyesight. (SInv)
You are a herbivore.
You cover ground extremely quickly.
You need consume almost no food.


Message History

The orc misses you. The orc closely misses you.
The orc wizard gestures at you while chanting.
The puff of flame hits you! You resist.
* * * LOW HITPOINT WARNING * * *
The orc wizard gestures at you while chanting.
You are confused.
There is a staircase to the Ecumenical Temple here.
The orc hits you with a flail.
* * * LOW HITPOINT WARNING * * *
The orc closely misses you.
You climb downwards.
Welcome to the Ecumenical Temple!
There is a staircase back to the Dungeon here.
You're too confused to cast spells.
You're too confused to cast spells.
You're too confused to cast spells.
You're too confused!
The orc misses you.
You are too injured to fight recklessly!
You're too confused to move!
The orc hits you with a flail!
You die...

♣♣ ...♣♣♣♣
.......♣♣♣♣♣
...........♣♣♣
...P...@o....♣
...PP.P<.....♣
♣...........♣♣
....P......♣♣
.........♣♣♣
P..P..♣♣♣♣
...... .PP...
♣♣♣♣♣♣


You could see an orc.

Vanquished Creatures
  2 orc priests
  2 worker ants
  3 adders
  An ooze (D:1)
  A worm (D:2)
  8 orcs
  4 giant cockroaches
  9 goblins
  5 hobgoblins
  A quokka (D:3)
  2 ball pythons (D:2)
  4 bats
  4 frilled lizards
  2 kobolds (D:2)
  6 rats
54 creatures vanquished.

Notes
Turn   | Place    | Note
-------+----------+-------------------------------------------
     0 | D:1      | ZeroTheHero the Spriggan Enchanter began the quest for the Orb.
     0 | D:1      | Reached XP level 1. HP: 9/9 MP: 5/5
   645 | D:1      | Reached XP level 2. HP: 13/13 MP: 6/6
   649 | D:1      | Reached skill level 5 in Stealth
   800 | D:2      | Learned a level 2 spell: Ensorcelled Hibernation
  1059 | D:2      | Reached XP level 3. HP: 6/16 MP: 5/8
  1662 | D:2      | Reached XP level 4. HP: 14/21 MP: 6/9
  2004 | D:3      | Learned a level 3 spell: Confuse
  2052 | D:3      | Reached skill level 6 in Stealth
  2058 | D:3      | Reached skill level 5 in Hexes
  2425 | D:3      | Found an iron altar of Okawaru.
  2877 | D:3      | Reached XP level 5. HP: 24/24 MP: 10/10
  3302 | D:4      | Learned a level 3 spell: Dazzling Spray
  3323 | D:4      | Found a staircase to the Ecumenical Temple.
  3326 | D:4      | Reached skill level 7 in Stealth
  3357 | Temple   | Entered the Ecumenical Temple
  3361 | Temple   | Mangled by an orc

Skill      XL: |  1  2  3  4  5 |
---------------+----------------+-----
Hexes          | 4 5 |  5.5
Stealth        | 5 6 7 |  7.0
Dodging        | 4 |  4.4
Short Blades   | |  1.1
Spellcasting   | |  2.6

Action                   |  1- 3 |  4- 6 || total
-------------------------+-------+-------++-------
Melee: Dagger            |    58 |    93 ||   151
 Cast: Corona            |     5 |     4 ||     9
       Ensorcelled Hiber |    10 |    24 ||    34
  Use: Potion            |       |     2 ||     2
       Scroll            |       |     1 ||     1
 Stab: Sleeping          |    20 |    22 ||    42
       Distracted        |       |     1 ||     1
  Eat: Ration            |       |     1 ||     1
Armor: Robe              |     2 |     7 ||     9
Dodge: Dodged            |    36 |    99 ||   135
